 Dungeon Crawl Stone Soup version 0.30.1-9-gdf580d7c3d (webtiles) character file.

Game seed: 15677898375718570451

98 danielguo94 the Trooper (level 4, -2/29 HPs)
             Began as a Gargoyle Fighter on Oct 10, 2023.
             Slain by an orc priest
             ... wielding a +0 mace
              (5 damage)
             ... on level 2 of the Dungeon.
             The game lasted 00:02:34 (1200 turns).

danielguo94 the Trooper (Gargoyle Fighter)          Turns: 1200, Time: 00:02:35

Health: -2/29      AC: 10    Str: 22    XL:     4   Next: 69%
Magic:  4/4        EV:  9    Int:  8    God:
Gold:   86         SH:  4    Dex:  9    Spells: 3/3 levels left

rFire   . . .        a - +0 flail
rCold   . . .        c - +0 buckler
rNeg    + . .        b - +0 scale mail
rPois   ∞            (no helmet)
rElec   +            (no cloak)
rCorr   .            (no gloves)
SInv    .            (no boots)
Will    .....        (no amulet) Stlth
                     (no ring)
HPRegen 0.24/turn    (no ring)
MPRegen 0.09/turn

%: no passive effects
@: no status effects
A: sickness immunity, AC +3, negative energy resistance 1, electricity
resistance, torment resistance 1, petrification resistance
a: no special abilities


You were on level 2 of the Dungeon.
You visited 1 branch of the dungeon, and saw 2 of its levels.

You collected 86 gold pieces.

Inventory:

Hand Weapons
 a - a +0 flail (weapon)
Armour
 b - a +0 scale mail (worn)
 c - a +0 buckler (worn)
Scrolls
 e - a scroll of vulnerability {unknown}
 f - 2 scrolls of silence {unknown}
 h - 2 scrolls of identify {unknown}
 i - a scroll of teleportation {unknown}
 j - a scroll of noise {unknown}
 k - a scroll of amnesia {unknown}
Potions
 d - a potion of might
 g - 2 potions of lignification {unknown}
 l - a potion of curing {unknown}


   Skills:
 + Level 4.0 Fighting
 * Level 3.4 Maces & Flails
 + Level 3.9 Armour
 + Level 0.3 Dodging
 + Level 3.6 Shields


You had 3 spell levels left.
You didn't know any spells.
Your spell library was empty.

Dungeon Overview and Level Annotations

Branches:
Dungeon (2/15)

Altars:


Innate Abilities, Weirdness & Mutations

You are immune to sickness and miasma.
Your stone body is resilient. (AC +3)
You are immune to poison.
You resist negative energy. (rN+)
You are resistant to electric shocks. (rElec)
You are resistant to unholy torment.
You are immune to petrification.


Message History

You feel stronger.
You sock the orc priest!
The orc priest is severely wounded.
You hit the orc priest but do no damage.
The orc priest is severely wounded.
The orc priest mumbles some strange prayers to Beogh against you.
You barely resist. You closely miss the orc priest.
The orc priest is severely wounded.
The orc priest calls down the wrath of Beogh upon you.
Beogh smites you!
Ouch! That really hurt!
The orc priest calls down the wrath of Beogh upon you.
Pain shoots through your body!
* * * LOW HITPOINT WARNING * * *
You block the orc's attack. The orc closely misses you.
You block the orc priest's attack.
You hit the orc priest but do no damage.
The orc priest is severely wounded.
The orc barely misses you. The orc priest closely misses you.
Unknown command.
You sock the orc priest!
You kill the orc priest!
The orc hits you but does no damage.
Your Fighting skill increases to level 4!
You see here a +0 dagger.
You hit the orc but do no damage. You block the orc's attack.
You hit the orc.
The orc is almost dead.
The orc hits you with a +0 dagger.
* * * LOW HITPOINT WARNING * * *
You block the orc priest's attack.
You sock the orc priest!
The orc priest is severely wounded.
The orc priest hits you but does no damage.
The orc hits you but does no damage.
You hit the orc priest.
The orc priest is almost dead.
The orc priest hits you with a +0 mace.
You die...

#..........#.##
#.....o....#.#
##..........#.#
#
#...........#.#
#
#.###########.#
# .... .. #.#
......o.# #.
#.########
#..###..#
###.##.#......#
..# #...
#...@o.##.###.#
...#..#
#.#.o..)..#.#.#
##.####
#.######..#.#.#
.
#.######..#...#
.#
...#.....#.###
.#
######.##.#....#
. ##.
..........######
.##..
###..####.#
..>?. #
#..#....#


You could see an orc priest and an orc.

Vanquished Creatures
  2 orc priests (D:2)
  A dart slug (D:1)
  2 bats
  2 endoplasms
  A giant cockroach (D:1)
  8 hobgoblins
  2 jackals (D:1)
  3 quokkas
  7 ball pythons
  A frilled lizard (D:1)
  A goblin (D:2)
  3 kobolds
  3 rats
36 creatures vanquished.

Notes
Turn   | Place    | Note
-------+----------+-------------------------------------------
     0 | D:1      | danielguo94 the Gargoyle Fighter began the quest for the
                  | Orb.
     0 | D:1      | Reached XP level 1. HP: 14/14 MP: 1/1
    73 | D:1      | Reached XP level 2. HP: 19/19 MP: 2/2
   258 | D:1      | Found a faded altar of an unknown god.
   417 | D:1      | Reached XP level 3. HP: 21/24 MP: 3/3
  1051 | D:2      | Identified the +0 ring mail of Infinity {Will+ Str+2 Dex+2}
  1190 | D:2      | Reached XP level 4. HP: 23/29 MP: 4/4
  1195 | D:2      | Reached skill level 4 in Fighting
  1200 | D:2      | Slain by an orc priest

Illustrated notes

Levels and vault maps discovered:
D:1:      erik_arrival_cave_to_civilisation [erik_arrival_cave_to_hall],
          layout_basic, hellmonk_ecumenical_altar_arch_garden
D:2:      layout_basic

Skill      XL: |  1  2  3  4 |
---------------+-------------+-----
Maces & Flails | 3 |  3.4
Fighting       | 4 |  4.0
Armour         | |  3.9
Dodging        | |  0.3
Shields        | |  3.6

Action                     |  1- 3 |  4- 6 || total
---------------------------+-------+-------++-------
  Melee: Flail             |   120 |     9 ||   129
 Armour: Scale mail        |    81 |     3 ||    84
  Dodge: Dodged            |    60 |     3 ||    63
  Block: Buckler           |    23 |     4 ||    27
